 Dungeon Crawl Stone Soup version 0.17-a0-1711-gc5340a3 (webtiles) character file.

620 kae the Arsonist (level 7, -2/36 HPs)
             Began as a Tengu Fire Elementalist on Aug 22, 2015.
             Slain by Dowan
             ... wielding a +0 dagger of electrocution
              (7 damage)
             ... on level 4 of the Dungeon.
             The game lasted 00:04:57 (3377 turns).

kae the Arsonist (Tengu Fire Elementalist)          Turns: 3377, Time: 00:04:57

Health: -2/36      AC:  2    Str: 12    XL:     7   Next: 46%
Magic:  2/11       EV: 12    Int: 17    God:
Gold:   14         SH:  0    Dex: 14    Spells: 3 memorised, 4 levels left

rFire  . . .     SeeInvis .     o - -2 trident (curse)
rCold  . . .     Clarity  .     h - +0 robe
rNeg   . . .     SustAt   .     (no shield)
rPois  .         Gourm    .     (helmet restricted)
rElec  .         Spirit   .     (no cloak)
rCorr  .         Warding  .     (no gloves)
rMut   .         Stasis   .     (boots unavailable)
MR     .....                    (no amulet)
Stlth  ++........               (no ring)
                                k - +3 ring of strength

@: not resistant to hostile enchantments, unstealthy
A: beak, talons 3, able to fly 1
a: Fly


You were on level 4 of the Dungeon.
You were hungry.

You visited 2 branches of the dungeon, and saw 5 of its levels.

You collected 201 gold pieces.
You spent 187 gold pieces at shops.

Inventory:

Hand weapons
 a - a +1 spear
 b - a +2 whip of draining
 e - a +0 whip of freezing
 o - a cursed -2 trident (weapon)
Armour
 h - a +0 robe (worn)
Jewellery
 k - a +3 ring of strength (left hand)
 w - an uncursed ring of magical power {unknown}
Magical devices
 u - a wand of draining (11)
Scrolls
 f - a scroll of enchant weapon
 g - 4 scrolls of identify
 j - 2 scrolls of teleportation
 q - a scroll of fear
 t - a scroll of fog
Potions
 l - 2 potions of ambrosia
 n - a potion of brilliance {unknown}
 p - a potion of invisibility {unknown}
 r - 2 potions of magic {unknown}
Books
 i - a book of Flames

   Spells                             Type                      Level
   a - Flame Tongue                   Conjuration/Fire             1
   b - Throw Flame                    Conjuration/Fire             2
   c - Conjure Flame                  Conjuration/Fire             3
   d - Inner Flame                    Hexes/Fire                   3
   e - Sticky Flame                   Conjuration/Fire             4
   f - Fireball                       Conjuration/Fire             5
Comestibles
 c - 2 bread rations
 d - a meat ration


   Skills:
 - Level 2.1 Dodging
 - Level 2.0 Stealth
 - Level 2.0 Spellcasting
 - Level 2.2 Conjurations
 + Level 9.1 Fire Magic


You had 4 spell levels left.
You knew the following spells:

 Your Spells              Type           Power        Failure   Level  Hunger
a - Flame Tongue          Conj/Fire      ###..        1%          1    #......
b - Throw Flame           Conj/Fire      ###...       2%          2    ###....
c - Conjure Flame         Conj/Fire      ###.....     8%          3    ###....


Dungeon Overview and Level Annotations

Branches:
Dungeon (4/15)             Temple (1/1) D:4

Altars:
Ashenzari
Cheibriados
Dithmenos
Fedhas
Gozag
Kikubaaqudgha
Makhleb
Nemelex Xobeh
Okawaru
Qazlal
Ru
Sif Muna
Xom
Yredelemnul
Zin

Shops:
D:4 *

Annotations:
D:4 Dowan, Duvessa


Innate Abilities, Weirdness & Mutations

You have a beak for a mouth.
You have claws for feet.
You can fly.


Message History

Dowan is severely wounded.
Dowan closely misses you.
Casting: Flame Tongue
Confirm with . or Enter, or press ? or * to list all spells.
Aiming: Flame Tongue
Press: ? - help, Shift-Dir - straight line, f/p - Dowan
Aim: Dowan, wielding a dagger of electrocution and wearing a robe (heavily wounded)
The flame tongue hits Dowan.
Dowan is severely wounded.
Dowan hits you with a dagger of electrocution.
* * * LOW HITPOINT WARNING * * *
Casting: Flame Tongue
Confirm with . or Enter, or press ? or * to list all spells.
Aiming: Flame Tongue
Press: ? - help, Shift-Dir - straight line, f/p - Dowan
Aim: Dowan, wielding a dagger of electrocution and wearing a robe (severely wounded)
The flame tongue hits Dowan.
Dowan is almost dead.
Dowan hits you with a dagger of electrocution!
You die...

######### #.......#
#.......# # #.......#
#.####### #.......#
#.......####.......#####
#.......'..'.......'....
#.[.....####.......#####
e#+#.e@......<.......#.
#.########.######.#. #.
#[######.#. #
#.##....... ###
#.###.##.#.
...#.###......
####.#......pK.#
......≈.≈.......
####.≈≈.≈≈##..#.


You could see Dowan.

Vanquished Creatures
  Pikel (D:4)
  A scorpion (D:4)
  A hound (D:4)
  4 adders
  An adder skeleton (D:3)
  2 worms
  An orc (D:3)
  3 giant cockroaches
  3 goblins
  5 hobgoblins
  A ball python (D:3)
  A ball python skeleton (D:4)
  2 bats
  3 giant geckos
  6 kobolds
  2 quokkas
  6 rats
43 creatures vanquished.

Vanquished Creatures (others)
  Sigmund (D:4)
  2 slaves (D:4)
3 creatures vanquished.

Grand Total: 46 creatures vanquished

Notes
Turn   | Place    | Note
--------------------------------------------------------------
     0 | D:1      | kae the Tengu Fire Elementalist began the quest for the Orb.
     0 | D:1      | Reached XP level 1. HP: 10/10 MP: 4/4
   443 | D:1      | Reached XP level 2. HP: 13/15 MP: 1/6
   773 | D:2      | Found a burning altar of Makhleb.
   890 | D:2      | Reached skill level 4 in Fire Magic
  1001 | D:2      | Reached XP level 3. HP: 5/19 MP: 5/7
  1802 | D:3      | Learned a level 2 spell: Throw Flame
  1806 | D:3      | Learned a level 3 spell: Conjure Flame
  1923 | D:3      | Reached skill level 5 in Fire Magic
  1923 | D:3      | Reached XP level 4. HP: 21/24 MP: 5/8
  2526 | D:3      | Found a deep blue altar of Sif Muna.
  2659 | D:3      | Found an ancient bone altar of Kikubaaqudgha.
  2771 | D:4      | Noticed Duvessa
  2771 | D:4      | Noticed Dowan
  2778 | D:4      | Found Kutiej's Assorted Antiques.
  2786 | D:4      | Bought a scroll labeled YTIFYM CIEV for 17 gold pieces
  2786 | D:4      | Bought a forked fluorescent wand for 68 gold pieces
  2786 | D:4      | Bought a scroll labeled JICOIPL JAOXT for 17 gold pieces
  2786 | D:4      | Bought a moonstone ring for 85 gold pieces
  2855 | D:4      | Found a staircase to the Ecumenical Temple.
  2864 | Temple   | Entered the Ecumenical Temple
  3003 | D:4      | Gained mutation: You can fly. [Tengu growth]
  3003 | D:4      | Reached XP level 5. HP: 14/28 MP: 3/9
  3205 | D:4      | Reached skill level 6 in Fire Magic
  3229 | D:4      | Noticed a slave
  3231 | D:4      | Noticed Pikel
  3233 | D:4      | Noticed a slave
  3234 | D:4      | Noticed a slave
  3235 | D:4      | Noticed a slave
  3238 | D:4      | Noticed Sigmund
  3293 | D:4      | Killed Pikel
  3293 | D:4      | Reached skill level 9 in Fire Magic
  3293 | D:4      | Reached XP level 6. HP: 28/32 MP: 0/10
  3293 | D:4      | Reached XP level 7. HP: 31/36 MP: 0/11
  3348 | D:4      | Killed Sigmund
  3361 | D:4      | Killed a freed slave
  3368 | D:4      | Killed a freed slave
  3377 | D:4      | Slain by Dowan

Vault maps used:
D:1:      matt_arrival_spirals
D:2:      old_standard_altar
D:3:      nicolae_overflow_hidden_temple, led_sif_pool
D:4:      lemuel_temple_firewalk_marked, serial_shops, nicolae_shop_waterfront,
          first_bread, uniq_sigmund, uniq_robin, uniq_pikel, uniq_duvessa
Temple:   triangle_lava_temple_12

Action                   |  1- 3 |  4- 6 |  7- 9 || total
-------------------------+-------+-------+-------++-------
Melee: Spear             |    18 |       |       ||    18
       Trident           |    18 |    11 |     1 ||    30
 Cast: Flame Tongue      |    39 |    36 |     8 ||    83
       Conjure Flame     |       |     2 |       ||     2
  Use: Scroll            |     9 |     2 |       ||    11
       Potion            |     1 |     1 |       ||     2
 Stab: Sleeping          |     1 |       |       ||     1
  Eat: Chunk             |     4 |     3 |       ||     7
       Pizza             |       |       |     1 ||     1
